 Dungeon Crawl Stone Soup version 0.21.1-1-g345015f (webtiles) character file.

54 Iko the Charmwright (level 3, -2/19 HPs)
             Began as a Gargoyle Skald on May 3, 2018.
             Was an Initiate of Hepliaklqana.
             Slain by a phantom (4 damage)
             ... on level 5 of the Dungeon.
             The game lasted 00:06:54 (689 turns).

Iko the Charmwright (Gargoyle Skald)                 Turns: 689, Time: 00:06:56

Health: -2/19      AC:  7    Str: 14    XL:     3   Next: 91%
Magic:  5/6        EV: 11    Int: 13    God:    Hepliaklqana [......]
Gold:   82         SH:  0    Dex: 10    Spells: 5/6 levels left

rFire    . . .     SeeInvis .   e - -3 war axe (curse)
rCold    . . .     Gourm    .   (no shield)
rNeg     + . .     Faith    .   b - +0 leather armour
rPois    ∞         Spirit   .   a - +0 helmet
rElec    +         Reflect  .   (no cloak)
rCorr    .         Harm     .   (no gloves)
MR       .....                  (no boots)
Stlth    +.........             (no amulet)
HPRegen  0.06/turn              (no ring)
MPRegen  0.10/turn              (no ring)

@: infused
A: reduced essence, negative energy resistance 1, electricity resistance,
unbreathing, petrification resistance, rot immunity, AC +3
a: Recall Ancestor, Ancestor Identity, Renounce Religion


You were on level 5 of the Dungeon.
You worshipped Hepliaklqana.
Hepliaklqana was noncommittal.
You were not hungry.

You visited 1 branch of the dungeon, and saw 5 of its levels.

You collected 82 gold pieces.

Inventory:

Hand Weapons
 e - a cursed -3 war axe (weapon)
 f - a +0 trident
Armour
 a - a +0 helmet (worn)
 b - a +0 leather armour (worn)
Books
 c - a book of Battle

   Spells                             Type                      Level
   a - Infusion                       Charms                       1
   b - Shroud of Golubria             Charms/Translocation         2
   c - Song of Slaying                Charms                       2
   d - Spectral Weapon                Hexes/Charms                 3
   e - Regeneration                   Charms/Necromancy            3
Comestibles
 d - 2 rations


   Skills:
 + Level 2.8 Fighting
   Level 2.2 Maces & Flails
 + Level 0.2 Polearms
 + Level 1.6 Armour
 + Level 1.9 Dodging
 + Level 2.1 Spellcasting
 + Level 3.3 Charms


You had 5 spell levels left.
You knew the following spells:

 Your Spells              Type           Power        Failure   Level  Hunger
a - Infusion              Chrm           ##..         8%          1    ##.....


Dungeon Overview and Level Annotations

Branches:
Dungeon (5/15)             Temple (0/1) D:5

Altars:
Hepliaklqana

Shops:
D:4 %


Innate Abilities, Weirdness & Mutations

You are resistant to torment.
Your stone body is resilient. (AC +3)
You are immune to poison.
You resist negative energy. (rN+)
You are resistant to electric shocks. (rElec)
You can survive without breathing.
You are immune to petrification.
You are immune to rotting.
Your life essence is reduced to manifest your ancestor. (-10% HP)


Message History

The phantom is severely damaged.
The phantom closely misses you.
You barely miss the phantom.
The phantom is severely damaged.
The phantom blinks!
The phantom blinks!
Sizwe is still trapped in memory!
You hear the rusting of a very distant drain.
Casting: Infusion
Confirm with . or Enter, or press ? or * to list all spells.
You begin infusing your attacks with magical energy.
You closely miss the phantom.
The phantom is severely damaged.
The phantom hits you!
* * * LOW HITPOINT WARNING * * *
The phantom barely misses you.
You barely miss the phantom.
The phantom is severely damaged.
The phantom hits you.
You die...

# ##+## #..... # #.#
...W.. .. #.#####.W..
.. ##.##..... ..
##.....#.# .#
#........# .#
#####...##.## .#
........##.########.#
.8########.....W@...#
......§. ############
........ ........
....§§.. ........
........ ....§..§
....§..§


You could see a phantom.

Vanquished Creatures
  A worker ant (D:4)
  A bat (D:3)
  4 giant cockroaches
  2 goblins
  2 hobgoblins (D:3)
  2 kobolds (D:3)
  A quokka (D:3)
  A frilled lizard (D:4)
  A rat (D:3)
15 creatures vanquished.

Vanquished Creatures (collateral kills)
  An adder (D:4)
  An adder skeleton (D:4)
2 creatures vanquished.

Vanquished Creatures (others)
  An ancestor (D:5)
1 creature vanquished.

Grand Total: 18 creatures vanquished

Notes
Turn   | Place    | Note
-------+----------+-------------------------------------------
     0 | D:1      | Iko the Gargoyle Skald began the quest for the Orb.
     0 | D:1      | Reached XP level 1. HP: 12/12 MP: 3/3
   123 | D:3      | Found a hazy altar of Hepliaklqana.
   149 | D:3      | Became a worshipper of Hepliaklqana the Forgotten
   155 | D:3      | Reached XP level 2. HP: 9/15 MP: 5/5
   209 | D:3      | Reached skill level 3 in Charms
   383 | D:4      | Reached XP level 3. HP: 12/19 MP: 6/6
   514 | D:4      | Found Tuesavvi's Food Boutique.
   541 | D:5      | Entered Level 5 of the Dungeon
   585 | D:5      | Found a staircase to the Ecumenical Temple.
   614 | D:5      | Noticed a phantom
   689 | D:5      | Slain by a phantom

Skill      XL: |  1  2 |
---------------+-------+-----
Charms         | 3 |  3.3
Fighting       | |  2.8
Maces & Flails | |  2.2
Polearms       | |  0.2
Armour         | |  1.6
Dodging        | |  1.9
Spellcasting   | |  2.1

Action                   || total
-------------------------++-------
Melee: Mace              ||    23
       Trident           ||    42
       War axe           ||    22
 Cast: Infusion          ||     2
Invok: Recall Ancestor   ||     1
  Use: Scroll            ||     3
       Potion            ||     2
Armor: Leather armour    ||    40
Dodge: Dodged            ||    54
